AoeStats
← Cuervo

Arabia

503732149Analyzed
3v3 RM · 1mo ago on Sep 2, 2026· 50m 18s· 6 players
Game mode
Random Map
Map size
Normal (6 player)
Population
200
Speed
Normal
Resources
Standard
Victory
Conquest
Starting age
Dark Age
Ending age
Imperial Age
RankedLock teamsTeams togetherTeam positionsShared explorationLock speedFull tech treeHidden civsTurbo modeCheats
Victory
Defeat
🇧🇷 Byzantines · Brazil
1089
+15
🇧🇷 Turks · Brazil
1052
+17
🇧🇷 Cumans · Brazil
1044
+17
🇨🇱 Mapuche · Chile
1123
-19
🇦🇷 Berbers · Argentina
1075
-17
🇦🇷 Saracens · Argentina
1007
-14
SENR4
6:38 Loom
9:26 Feudal Age
22:40 Double-Bit Axe
26:15 Castle Age
24:24 Double-Bit Axe
25:29 Forging
25:19 Scale Mail Armor
25:18 Horse Collar
25:29 Gold Mining
26:33 Pikeman
27:14 Squires
27:30 Chain Mail Armor
29:57 Gold Shaft Mining
29:33 Bow Saw
29:25 Heavy Plow
33:24 Wheelbarrow
33:50 Scale Barding Armor
34:22 Stone Mining
35:32 Iron Casting
39:58 Imperial Age
37:42 Fletching
38:12 Chain Barding Armor
37:57 Husbandry
40:04 Heavy Camel Rider
41:21 Plate Barding Armor
42:42 Chemistry
45:52 Bodkin Arrow
48:01 Two-Man Saw
47:33 Crop Rotation
50:58 Conscription
FSENRA
7:32 Loom
10:15 Feudal Age
11:11 Double-Bit Axe
18:03 Castle Age
17:27 Horse Collar
19:17 Scale Barding Armor
20:31 Forging
26:15 Bloodlines
28:31 Fletching
30:45 Chain Barding Armor
33:29 Iron Casting
42:42 Imperial Age
41:14 Wheelbarrow
44:24 Plate Barding Armor
43:59 Heavy Camel Rider
47:02 Blast Furnace
wagner
0:28 Loom
11:28 Feudal Age
24:50 Castle Age
23:11 Double-Bit Axe
24:13 Gold Mining
24:16 Stone Mining
24:10 Horse Collar
26:51 Wheelbarrow
26:02 Town Watch
29:34 Gold Shaft Mining
29:03 Elite Skirmisher
46:03 Fletching
46:13 Padded Archer Armor
47:51 Bodkin Arrow
48:12 Leather Archer Armor
VZ | Thyrfing
5:44 Loom
9:17 Feudal Age
13:48 Wheelbarrow
15:15 Double-Bit Axe
17:15 Horse Collar
19:32 Fletching
21:25 Gold Mining
24:14 Castle Age
22:51 Padded Archer Armor
23:03 Town Watch
24:20 Crossbowman
25:01 Bodkin Arrow
28:51 Bow Saw
33:01 Ballistics
39:49 Imperial Age
41:38 Chemistry
40:58 Leather Archer Armor
43:33 Conscription
48:23 Hand Cart
49:29 Pikeman
Cuervo
7:36 Loom
9:54 Feudal Age
10:50 Double-Bit Axe
10:53 Horse Collar
21:11 Castle Age
20:08 Bloodlines
20:11 Scale Barding Armor
21:25 Gold Mining
22:10 Husbandry
21:39 Pikeman
24:25 Bow Saw
25:25 Forging
26:00 Stone Mining
28:11 Iron Casting
29:13 Wheelbarrow
33:35 Gold Shaft Mining
37:14 Imperial Age
38:08 Fletching
38:21 Padded Archer Armor
39:22 Blast Furnace
38:43 Chain Barding Armor
39:09 Conscription
38:30 Cavalier
39:29 Maghrebi Camels
41:26 Bodkin Arrow
41:47 Leather Archer Armor
41:50 Hand Cart
42:47 Chemistry
44:33 Town Watch
45:09 Bracer
47:15 Scale Mail Armor
49:02 Stone Shaft Mining
49:14 Town Patrol
CasquetE
5:16 Loom
10:02 Feudal Age
10:55 Double-Bit Axe
16:38 Fletching
23:51 Castle Age
22:27 Horse Collar
25:50 Husbandry
26:01 Bloodlines
28:01 Scale Barding Armor
28:01 Stone Mining
32:55 Town Watch
33:45 Wheelbarrow
34:25 Murder Holes
34:40 Gold Mining
36:11 Bodkin Arrow
37:17 Ballistics
39:10 Gold Shaft Mining
39:49 Heavy Plow
41:35 Bow Saw
46:11 Imperial Age
47:03 Bracer
47:05 Padded Archer Armor
48:09 Chemistry
47:33 Thumb Ring
46:49 Crossbowman
48:39 Arbalester
Connection lost

Rejoining the realm…

Still unreachable

The connection could not be restored.

Session expired

The server has moved on; the page needs a fresh start.